 Dungeon Crawl Stone Soup version 0.27-a0-1301-g128193abf8 (webtiles) character file.

Game seed: 12878951492863031081

262 Johnny the Magician (level 5, -8/32 HPs)
             Began as a Deep Elf Earth Elementalist on June 16, 2021.
             Killed from afar by a kobold (9 damage)
             ... with a puff of flame
             ... on level 4 of the Dungeon.
             The game lasted 00:02:53 (3515 turns).

Johnny the Magician (Deep Elf Earth Elementalist)   Turns: 3515, Time: 00:02:54

Health: -8/32      AC:  3    Str:  5    XL:     5   Next: 97%
Magic:  8/14       EV: 12    Int: 21    God:
Gold:   136        SH:  0    Dex: 15    Spells: 12/13 levels left

rFire    . . .     SeeInvis .   m - +3 mace (protect)
rCold    . . .     Faith    .   (no shield)
rNeg     . . .     Spirit   .   b - +0 robe
rPois    .         Reflect  .   (no helmet)
rElec    .         Harm     .   (no cloak)
rCorr    .         Rampage  .   a - +0 pair of gloves
Will     +....                  (no boots)
Stlth    +.........             (no amulet)
HPRegen  0.10/turn              j - ring of willpower
MPRegen  0.14/turn              (no ring)

@: very slow
A: no striking features
a: no special abilities


You were on level 4 of the Dungeon.
You visited 1 branch of the dungeon, and saw 4 of its levels.

You collected 136 gold pieces.

Inventory:

Hand Weapons
 m - a +3 mace of protection (weapon)
Missiles
 c - 62 stones
Armour
 a - a +0 pair of gloves (worn)
 b - a +0 robe (worn)
Jewellery
 j - a ring of willpower (left hand)
 o - a ring of flight
Scrolls
 g - a scroll of acquirement {unknown}
 k - 2 scrolls of teleportation {unknown}
 l - a scroll of vulnerability {unknown}
 n - a scroll of amnesia {unknown}
Potions
 d - a potion of curing {unknown}
 e - a potion of lignification {unknown}
 f - a potion of brilliance {unknown}
 h - a potion of attraction {unknown}
 i - a potion of degeneration {unknown}


   Skills:
 * Level 3.3 Fighting
 - Level 2.4 Dodging
 - Level 2.4 Stealth
 + Level 4.8 Spellcasting
 - Level 1.1 Transmutations
 + Level 4.6 Earth Magic


You had 12 spell levels left.
You knew the following spells:

 Your Spells              Type           Power      Damage    Failure   Level
a - Sandblast             Erth           48%        2d12      1%          1

Your spell library contained the following spells:

 Spells                   Type           Power      Damage    Failure   Level
 Passwall                 Tmut/Erth      14%        N/A       5%          2
 Animate Skeleton         Necr           10%        N/A       11%         1
 Apportation              Tloc           10%        N/A       11%         1
 Corona                   Hex            5%         N/A       11%         1
 Foxfire                  Conj/Fire      20%        2x1d5     11%         1
 Summon Small Mammal      Summ           20%        N/A       11%         1
 Stone Arrow              Conj/Erth      28%        3d8       13%         3
 Call Imp                 Summ           5%         N/A       17%         2
 Call Canine Familiar     Summ           5%         N/A       32%         3
 Conjure Flame            Conj/Fire      5%         6-21      32%         3
 Inner Flame              Hex/Fire       5%         N/A       32%         3
 Summon Guardian Golem    Hex/Summ       5%         N/A       32%         3
 Petrify                  Tmut/Erth      17%        N/A       34%         4
 Lee's Rapid Deconstruct  Erth           12%        3d9*      43%         5
 Sticky Flame             Conj/Fire      5%         2d3       73%         4
 Summon Ice Beast         Ice/Summ       5%         N/A       73%         4
 Summon Lightning Spire   Summ/Air       5%         N/A       73%         4
 Fireball                 Conj/Fire      2%         3d4       97%         5


Dungeon Overview and Level Annotations

Branches:
Dungeon (4/15)
 Temple: D:4-7

Altars:
Vehumet

Shops:
D:1 [   D:2 :


Message History

Aiming: Sandblast (safe; 1% risk of failure)
Press: ? - help, Shift-Dir - straight line, f/p - dart slug
Aim: a dart slug (almost dead, 100% to hit)
The blast of sand hits the dart slug!
You kill the dart slug!
Casting: Sandblast (safe; 1% risk of failure)
Confirm with . or Enter, or press ? or * to list all spells.
Aiming: Sandblast (safe; 1% risk of failure)
Press: ? - help, Shift-Dir - straight line, f - endoplasm
Aim: an endoplasm (98% to hit)
The blast of sand hits the endoplasm!
You kill the endoplasm!
An iguana comes into view.
Casting: Sandblast (safe; 1% risk of failure)
Confirm with . or Enter, or press ? or * to list all spells.
You can't see any susceptible monsters within range! (Use Z to cast anyway.)
Casting: Sandblast (safe; 1% risk of failure)
Confirm with . or Enter, or press ? or * to list all spells.
You can't see any susceptible monsters within range! (Use Z to cast anyway.)
A dart slug comes into view.
The kobold shouts!
The kobold zaps a wand.
The puff of flame hits you!
Found a radiant altar of Vehumet.
A ball python and a dart slug come into view.
You are engulfed in a cloud of scalding steam.
* * * LOW HITPOINT WARNING * * *
The ball python hisses angrily.
The kobold barely misses you.
Casting: Sandblast (safe; 1% risk of failure)
Confirm with . or Enter, or press ? or * to list all spells.
Aiming: Sandblast (safe; 1% risk of failure)
Press: ? - help, Shift-Dir - straight line, f - ball python
Aim: a ball python (78% to hit)
The blast of sand hits the ball python.
You kill the ball python!
The dart slug launches a dart at you. The slug dart hits you.
* * * LOW HITPOINT WARNING * * *
The kobold zaps a wand.
The puff of flame hits you!
You die...

.....≈≈.....<.....#≈.
#.###≈≈#..≈≈...≈≈.≈≈≈≈.
#≈≈≈≈≈≈≈≈≈≈≈l≈≈≈≈w#
####≈≈≈≈≈≈≈≈≈≈≈≈≈w.
#.≈≈≈≈≈≈≈≈#≈≈#≈.#
#.#≈#≈≈≈≈≈#≈≈≈≈≈.. ..
##≈≈#≈≈§≈≈≈≈≈# .
>....≈≈≈#≈≈†.##
.#..##≈≈.≈@##.# ###
###...K......
###........ #...#....
#.... ... #.#._. ..
#...... . #...#...


You could see an iguana, 2 dart slugs and a kobold.

Vanquished Creatures
  An ogre (D:4)
  A hound (D:4)
  An iguana (D:4)
  An adder (D:4)
  An ufetubus (D:4)
  An adder skeleton (D:4)
  A worm (D:2)
  7 dart slugs
  6 orcs
  4 ball pythons
  5 bats
  8 endoplasms
  4 giant cockroaches
  4 goblins
  6 hobgoblins
  9 jackals
  A quokka (D:2)
  4 frilled lizards
  7 kobolds
  5 rats (D:2)
77 creatures vanquished.

Notes
Turn   | Place    | Note
-------+----------+-------------------------------------------
     0 | D:1      | Johnny the Deep Elf Earth Elementalist began the quest for
                  | the Orb.
     0 | D:1      | Reached XP level 1. HP: 10/10 MP: 6/6
    40 | D:1      | Found a faded altar of an unknown god.
   130 | D:1      | Found Zonick's Armour Boutique.
   153 | D:1      | Reached XP level 2. HP: 16/16 MP: 5/8
   287 | D:1      | Reached skill level 1 in Fighting
   955 | D:2      | Found Odaduide's Book Shop.
  1013 | D:2      | Reached XP level 3. HP: 19/20 MP: 5/9
  2418 | D:3      | Reached XP level 4. HP: 26/26 MP: 9/11
  3018 | D:4      | Noticed an ogre
  3024 | D:4      | Killed an ogre
  3025 | D:4      | Reached XP level 5. HP: 32/32 MP: 9/13
  3512 | D:4      | Found a radiant altar of Vehumet.
  3515 | D:4      | HP: 1/32 [dart slug/slug dart (4)]
  3515 | D:4      | Killed from afar by a kobold

Illustrated notes

Levels and vault maps discovered:
D:1:      tarquinn_simple_flora_water_e, layout_rooms, serial_shops,
          nicolae_shop_waterfront, hellmonk_ecumenical_altar_crossroads
D:2:      layout_rooms, serial_shops, shop
D:3:      layout_rooms
D:4:      kennysheep_slugbush, layout_loops_ring, vehumet_altar_wand_db

Skill      XL: |  1  2  3  4  5 |
---------------+----------------+-----
Fighting       | 1 2 3 |  3.3
Spellcasting   | 4 |  4.8
Earth Magic    | 4 |  4.6
Dodging        | |  2.4
Stealth        | |  2.4
Transmutations | |  1.1

Action                   |  1- 3 |  4- 6 || total
-------------------------+-------+-------++-------
Melee: Dagger            |    39 |       ||    39
       Hand axe          |    19 |     1 ||    20
       Mace              |       |     5 ||     5
 Cast: Sandblast         |    69 |    37 ||   106
 Stab: Sleeping          |     1 |     1 ||     2
Armor: Robe              |    23 |     3 ||    26
Dodge: Dodged            |    69 |    13 ||    82

Table legend: (Time is in decaauts)
 A = Elapsed time spent in this place.
 B = Non-inter-level travel time spent in this place.
 C = Inter-level travel time spent in this place.
 D = Time resting spent in this place.
 E = Time spent auto-exploring this place.
 F = Levels seen in this place.
 G = Mean time per level.
                   A        B        C        D        E       F      G
               +--------+--------+--------+--------+--------+-----+--------+
         Total |   3532 |   3489 |     43 |    261 |   2764 |   4 |  883.0 |
       Dungeon |   3532 |   3489 |     43 |    261 |   2764 |   4 |  883.0 |
               +--------+--------+--------+--------+--------+-----+--------+

Top non-repeatable levels by time:
     D:2: 1096 daAuts
     D:1: 945 daAuts
     D:3: 784 daAuts
     D:4: 705 daAuts
